 Dungeon Crawl Stone Soup version 0.28.0-47-ge53b351184 (webtiles) character file.

Game seed: 12660403498051929422

27 joe1234567 the Cutter (level 2, -1/22 HPs)
             Began as a Vampire Gladiator on May 8, 2022.
             Slain by an adder (3 damage)
             ... on level 2 of the Dungeon.
             The game lasted 00:03:36 (1351 turns).

joe1234567 the Cutter (Vampire Gladiator)           Turns: 1351, Time: 00:03:40

Health: -1/22      AC:  7    Str: 13    XL:     2   Next: 93%
Magic:  2/2        EV: 10    Int: 10    God:
Gold:   46         SH:  0    Dex: 15    Spells: 1/1 levels left

rFire   . . .      SeeInvis +   a - +0 rapier
rCold   . . .      Faith    .   (no shield)
rNeg    . . .      Spirit   .   l - +0 scale mail
rPois   .          Reflect  .   c - +0 helmet
rElec   .          Harm     .   (no cloak)
rCorr   .          Rampage  .   (no gloves)
Will    +....                   (no boots)
Stlth   ..........              (no amulet)
HPRegen 0.27/turn               e - ring of willpower
MPRegen 0.08/turn               (no ring)

@: lethally poisoned (-1 -> -11), healing quickly
A: alive, fangs 3, see invisible, vampiric 1
a: Exsanguinate


You were on level 2 of the Dungeon.
You visited 1 branch of the dungeon, and saw 2 of its levels.

You collected 46 gold pieces.

Inventory:

Hand Weapons
 a - a +0 rapier (weapon)
Missiles
 d - 3 throwing nets (quivered)
Armour
 b - a +0 leather armour
 c - a +0 helmet (worn)
 l - a +0 scale mail (worn)
Jewellery
 e - a ring of willpower (left hand)
Wands
 j - a wand of charming (7)
Scrolls
 f - a scroll of holy word {unknown}
 h - a scroll of vulnerability {unknown}
 k - a scroll of teleportation {unknown}
Potions
 g - a potion of cancellation {unknown}
 i - a potion of mutation {unknown}


   Skills:
 + Level 2.1 Fighting
 + Level 4.0 Short Blades
 + Level 1.6 Throwing
 + Level 0.1 Armour
 + Level 3.5 Dodging


You had one spell level left.
You didn't know any spells.
Your spell library was empty.

Dungeon Overview and Level Annotations

Branches:
Dungeon (2/15)

Altars:


Innate Abilities, Weirdness & Mutations

Your natural rate of healing is accelerated.
You have razor-sharp teeth.
You have supernaturally acute eyesight. (SInv)
You are afflicted with vampirism.


Message History

You see here a bat corpse.
Things that are here:
a +0 dagger; a goblin corpse
There is a stone staircase leading down here.
A goblin, 2 adders and an endoplasm come into view.
The adder hisses angrily.
The endoplasm quivers.
Found a stone staircase leading up.
The adder bites you but does no damage.
You closely miss the adder. The adder barely misses you.
The endoplasm hits you but does no damage.
You closely miss the adder. The adder barely misses you. x2
The endoplasm freezes you.
You are frozen.
You hit the adder. Your bite misses the adder.
The adder is moderately wounded.
The adder bites you.
You are poisoned.
The adder poisons you! The goblin closely misses you.
The endoplasm freezes you.
You are frozen.
You closely miss the adder.
The adder is moderately wounded.
You feel sick. The adder barely misses you.
The adder bites you but does no damage.
The endoplasm hits you but does no damage.
The goblin hits you with a +0 dagger.
You miss the adder. Your bite misses the adder.
The adder is moderately wounded.
You feel sick. The adder bites you.
* * * LOW HITPOINT WARNING * * *
The adder closely misses you. The endoplasm barely misses you.
The goblin barely misses you.
You barely miss the adder.
The adder is moderately wounded.
You feel sick. The adder bites you but does no damage. The adder bites you.
* * * LOW HITPOINT WARNING * * *
You are more poisoned.
The adder poisons you! The adder bites you.
You die...

#.#..#.. #.##.#.# .. #.#..#.# ...
#.#..#.# .... ######## #.#.(#.#
....####......# #.#..#.#
.......#......## #.#..#.#
.........g.....# #.#..... #.
#....S@S.....# #.#.##.# #.#
#.....#J.....# #.#....# ..
#.....##########.#.####
#.#####.....##.........#.....
.............>......###.####
######.######.#.##...###.#.......
.<#.##.###....#.##...# #.#.#.#<..
..#........##.#.##...# #.#.#.####
#.#.##..#####.#.##...# #.#.#.....


You could see 2 adders, an endoplasm and a goblin.

Vanquished Creatures
  A dart slug (D:1)
  3 endoplasms
  3 goblins
  2 hobgoblins
  2 quokkas (D:1)
  5 ball pythons (D:1)
  5 bats
  5 rats
26 creatures vanquished.

Notes
Turn   | Place    | Note
-------+----------+-------------------------------------------
     0 | D:1      | joe1234567 the Vampire Gladiator began the quest for the
                  | Orb.
     0 | D:1      | Reached XP level 1. HP: 16/16 MP: 1/1
   213 | D:1      | Reached XP level 2. HP: 19/22 MP: 2/2
  1179 | D:2      | Reached skill level 4 in Short Blades
  1351 | D:2      | Slain by an adder

Illustrated notes

Levels and vault maps discovered:
D:1:      scummos_arrival_simple_fountains, layout_basic
D:2:      layout_basic

Skill      XL: |  1  2 |
---------------+-------+-----
Fighting       | 2 |  2.1
Short Blades   | 4 |  4.0
Throwing       | |  1.6
Armour         | |  0.1
Dodging        | |  3.5

Action                   || total
-------------------------++-------
Melee: Rapier            ||    68
       Bite              ||     6
       Punch             ||     1
Armor: Leather armour    ||    41
       Scale mail        ||     9
Dodge: Dodged            ||    91
